 Dungeon Crawl Stone Soup version 0.29-a0-231-g945431f764 (webtiles) character file.

Game seed: 11349925523201478577

301 esteth the Archer (level 6, -1/51 HPs)
             Began as a Gnoll Hunter on Feb 28, 2022.
             Was an Initiate of Ru.
             Slain by an orc warrior
             ... wielding a +0 flail
              (15 damage)
             ... on level 5 of the Dungeon.
             The game lasted 00:04:28 (2600 turns).

esteth the Archer (Gnoll Hunter)                    Turns: 2600, Time: 00:04:29

Health: -1/51      AC: 11    Str: 17    XL:     6   Next: 37%
Magic:  8/8        EV: 13    Int: 12    God:    Ru [......]
Gold:   195        SH:  0    Dex: 13    Spells: 8/8 levels left

rFire   . . .      SeeInvis .   c - +2 trident (protect)
rCold   . . .      Faith    .   (no shield)
rNeg    . . .      Spirit   .   b - +0 leather armour
rPois   .          Reflect  .   x - +0 helmet
rElec   .          Harm     .   z - scarf {repulsion}
rCorr   .          Rampage  .   (no gloves)
Will    .....                   (no boots)
Stlth   ++........              (no amulet)
HPRegen 0.17/turn               S - +6 ring of strength
MPRegen 0.11/turn               (no ring)

@: under a protective aura, hasted, repel missiles, very quick
A: fangs 1, strong nose, distributed training
a: Renounce Religion


You were on level 5 of the Dungeon.
You worshipped Ru.
Ru was noncommittal.
You visited 1 branch of the dungeon, and saw 5 of its levels.

You collected 195 gold pieces.


Innate Abilities, Weirdness & Mutations

You have very sharp teeth.
Your uncanny sense of smell can sniff out nearby items.
Your experience applies equally to all skills.


   Skills:
 + Level 5.0 Fighting
 + Level 1.9 Short Blades
 + Level 1.9 Long Blades
 + Level 1.9 Axes
 + Level 1.9 Maces & Flails
 + Level 1.9 Polearms
 + Level 1.9 Staves
 + Level 1.9 Slings
 + Level 8.7 Bows
 + Level 1.9 Crossbows
 + Level 1.9 Throwing
 + Level 1.9 Armour
 + Level 5.0 Dodging
 + Level 3.0 Stealth
 + Level 1.9 Shields
 + Level 1.9 Unarmed Combat
 + Level 1.9 Spellcasting
 + Level 1.5 Conjurations
 + Level 1.5 Hexes
 + Level 1.5 Summonings
 + Level 1.5 Necromancy
 + Level 1.5 Translocations
 + Level 1.5 Transmutations
 + Level 1.5 Fire Magic
 + Level 1.5 Ice Magic
 + Level 1.5 Air Magic
 + Level 1.5 Earth Magic
 + Level 1.5 Poison Magic
 + Level 2.1 Invocations
 + Level 1.9 Evocations


You had 8 spell levels left.
You didn't know any spells.
Your spell library contained the following spells:

 Spells                   Type           Power      Damage    Failure   Level
 Blink                    Tloc           8%         N/A       26%         2
 Conjure Flame            Conj/Fire      4%         6-21      45%         3
 Ignite Poison            Fire/Tmut/Pois 4%         N/A       45%         3
 Lesser Beckoning         Tloc           4%         N/A       45%         3
 Sticky Flame             Conj/Fire      4%         2d3       86%         4
 Manifold Assault         Tloc           4%         N/A       99%         5

Inventory:

Hand Weapons
 a - a +1 shortbow
 c - a +2 trident of protection (weapon)
   (You found it on level 1 of the Dungeon)
Missiles
 e - 146 stones
 h - 5 poisoned darts
 D - 8 boomerangs
Armour
 b - a +0 leather armour (worn)
 k - a +0 chain mail
   (You found it on level 2 of the Dungeon)
 t - a +0 ring mail
   (You found it on level 2 of the Dungeon)
 v - a +0 plate armour
   (You found it on level 2 of the Dungeon)
 w - a +0 animal skin
   (You took it off Robin on level 3 of the Dungeon)
 x - a +0 helmet (worn)
   (You took it off Robin on level 3 of the Dungeon)
 z - a scarf of repulsion (worn)
   (You found it on level 3 of the Dungeon)
 E - a +0 ring mail
   (You found it on level 4 of the Dungeon)
Magical Staves
 g - a staff of poison {!a}
   (You took it off a hobgoblin on level 1 of the Dungeon)
Jewellery
 C - a ring of ice
   (You found it on level 3 of the Dungeon)
 S - a +6 ring of strength (left hand)
   (You found it on level 2 of the Dungeon)
Scrolls
 d - a scroll of enchant weapon {unknown}
 j - a scroll of fog {unknown}
 n - 4 scrolls of vulnerability {unknown}
 p - a scroll of fear {unknown}
 q - 3 scrolls of blinking {unknown}
 s - 3 scrolls of identify {unknown}
 y - a scroll of teleportation {unknown}
 B - a scroll of amnesia {unknown}
Potions
 f - a potion of cancellation {unknown}
 i - a potion of berserk rage {unknown}
 m - a potion of lignification {unknown}
 o - 5 potions of curing {unknown}
 r - a potion of flight {unknown}
 u - a potion of might {unknown}
 F - a potion of attraction {unknown}

Dungeon Overview and Level Annotations

Branches:
Dungeon (5/15)
 Temple: D:4-7

Altars:
Ru

. ...
.....####
......o@#
......###
#####


You could see an orc warrior.


Message History

😕 HP[+1]
Your +2 trident of protection hums with potential!
c - a +2 trident of protection (weapon)
You reach to attack!
You closely miss the orc warrior. 😕 HP[+1] Reach: c) +2 trident (protect)
Press: ? - help, Dir - move target, f/p - orc warrior
Aim: an orc warrior, wielding a +0 flail and wearing a +0 plate armour (about 40% to evade your +2 trident of protection)
You hit the orc warrior but do no damage.
Your weapon exudes an aura of protection.
The orc warrior misses you.
The orc warrior misses you. 😕 HP[+1] Reach: c) +2 trident (protect)
Press: ? - help, Dir - move target, f/p - orc warrior
Aim: an orc warrior, wielding a +0 flail and wearing a +0 plate armour (about 40% to evade your +2 trident of protection)
You hit the orc warrior.
Your weapon exudes an aura of protection.
You punch the orc warrior, but do no damage.
The orc warrior hits you with a +0 flail. 😕 HP[-4]
You take 4 damage, and now have 45/51 hp.
The orc warrior hits you with a +0 flail! 😮 HP[-9]
You take 9 damage, and now have 36/51 hp. 😮 HP[+1]
The orc priest looks encouraged for a moment.
The orc warrior completely misses you. 😮 HP[+1]
The orc priest mumbles some strange prayers to Beogh against you.
Beogh smites you! 😮 HP[-10]
You take 10 damage, and now have 28/51 hp. 😮 HP[+1] 😮 HP[+1]
The orc priest calls down the wrath of Beogh upon you.
Beogh smites you!
* * * LOW HITPOINT WARNING * * *
There is a stone staircase leading down here. 😨 HP[-16]
You take 16 damage, and now have 14/51 hp.
MASSIVE DAMAGE!! (PAUSE)
The orc warrior hits you with a +0 flail!
* * * LOW HITPOINT WARNING * * *
You climb downwards.
There is a stone staircase leading up here. 😱 HP[-6]
You take 6 damage, and now have 8/51 hp.
It was a potion of heal wounds.
You feel much better.
The orc warrior hits you with a +0 flail!
* * * LOW HITPOINT WARNING * * *
😨 HP[+13]
You regained 13 hp, and now have 21/51 hp.
You feel much better.
The orc warrior hits you with a +0 flail! 😮 HP[+13]
You regained 13 hp, and now have 34/51 hp.
It was a potion of magic.
Magic courses through your body. The orc warrior barely misses you.
It was a potion of haste.
You feel yourself speed up. The orc warrior closely misses you.
You hit the orc warrior but do no damage.
Your weapon exudes an aura of protection.
You punch the orc warrior. The orc warrior closely misses you.
You hit the orc warrior.
The orc warrior closely misses you. 😮 HP[+1]
You hit the orc warrior.
The orc warrior hits you with a +0 flail! 😮 HP[-7]
You take 7 damage, and now have 28/51 hp.
You hit the orc warrior but do no damage.
You closely miss the orc warrior.
You punch the orc warrior, but do no damage.
The orc warrior misses you.
You hit the orc warrior but do no damage.
The orc warrior misses you.
You hit the orc warrior.
The orc warrior hits you with a +0 flail!
* * * LOW HITPOINT WARNING * * *
😨 HP[-10]
You take 10 damage, and now have 18/51 hp.
You hit the orc warrior but do no damage.
You bite the orc warrior, but do no damage.
The orc warrior barely misses you.
You hit the orc warrior but do no damage.
Your bite misses the orc warrior. 😨 HP[+1]
You hit the orc warrior but do no damage.
Your bite misses the orc warrior.
The orc warrior hits you with a +0 flail.
* * * LOW HITPOINT WARNING * * *
😨 HP[-5]
You take 5 damage, and now have 14/51 hp.
You puncture the orc warrior!
You bite the orc warrior, but do no damage.
The orc warrior hits you but does no damage.
You hit the orc warrior but do no damage.
You bite the orc warrior, but do no damage.
The orc warrior hits you with a +0 flail!
You die...

Skill      XL: |  1  2  3  4  5 |
---------------+----------------+-----
Invocations    | 1 2 |  2.1
Short Blades   | 1 |  1.9
Long Blades    | 1 |  1.9
Axes           | 1 |  1.9
Maces & Flails | 1 |  1.9
Polearms       | 1 |  1.9
Staves         | 1 |  1.9
Slings         | 1 |  1.9
Crossbows      | 1 |  1.9
Throwing       | 1 |  1.9
Armour         | 1 |  1.9
Shields        | 1 |  1.9
Unarmed Combat | 1 |  1.9
Spellcasting   | 1 |  1.9
Evocations     | 1 |  1.9
Conjurations   | 1 |  1.5
Hexes          | 1 |  1.5
Summonings     | 1 |  1.5
Necromancy     | 1 |  1.5
Translocations | 1 |  1.5
Transmutations | 1 |  1.5
Fire Magic     | 1 |  1.5
Ice Magic      | 1 |  1.5
Air Magic      | 1 |  1.5
Earth Magic    | 1 |  1.5
Poison Magic   | 1 |  1.5
Fighting       | 5 |  5.0
Dodging        | 5 |  5.0
Stealth        | 3 |  3.0
Bows           | |  8.7

Action                   |  1- 3 |  4- 6 || total
-------------------------+-------+-------++-------
Melee: Trident           |    13 |    16 ||    29
       Bite              |     1 |     3 ||     4
       Punch             |       |     3 ||     3
 Fire: Shortbow          |   101 |    99 ||   200
Invok: Reject Sacrifices |     1 |       ||     1
  Use: Potion            |       |     4 ||     4
Armor: Leather armour    |     8 |     6 ||    14
Dodge: Dodged            |    13 |    34 ||    47

Levels and vault maps discovered:
D:1:      onia_arrival_mini_spirals, layout_rooms, ebering_ecumenical_altar_box
D:2:      layout_basic
D:3:      layout_basic, uniq_robin
D:4:      layout_basic, mainiacjoe_overflow_alcove_4,
          mainiacjoe_overflow_alcove_2, nicolae_figureground_pulse
D:5:      layout_basic, hex_tiny

Notes
Turn   | Place    | Note
-------+----------+-------------------------------------------
     0 | D:1      | esteth the Gnoll Hunter began the quest for the Orb.
     0 | D:1      | Reached XP level 1. HP: 20/20 MP: 1/1
     0 | D:1      | magus.rc [v1.11.3]
   305 | D:1      | Reached XP level 2. HP: 26/26 MP: 2/2
   310 | D:1      | Found a faded altar of an unknown god.
   352 | D:1      | Prayed at the altar of an unknown god.
   352 | D:1      | Became a worshipper of Ru the Awakened
   816 | D:2      | You pick up a book of Spatial Translocations and begin
                  | reading...
   816 | D:2      | You add the spells Blink, Lesser Beckoning and Manifold
                  | Assault to your library.
   904 | D:2      | Reached XP level 3. HP: 31/31 MP: 3/3
  1154 | D:2      | Reached skill level 1 in Invocations
  1258 | D:2      | Reached skill level 1 in Short Blades
  1258 | D:2      | Reached skill level 1 in Long Blades
  1258 | D:2      | Reached skill level 1 in Axes
  1258 | D:2      | Reached skill level 1 in Maces & Flails
  1258 | D:2      | Reached skill level 1 in Polearms
  1258 | D:2      | Reached skill level 1 in Staves
  1258 | D:2      | Reached skill level 1 in Slings
  1258 | D:2      | Reached skill level 1 in Crossbows
  1258 | D:2      | Reached skill level 1 in Throwing
  1258 | D:2      | Reached skill level 1 in Armour
  1258 | D:2      | Reached skill level 1 in Shields
  1258 | D:2      | Reached skill level 1 in Unarmed Combat
  1258 | D:2      | Reached skill level 1 in Spellcasting
  1258 | D:2      | Reached skill level 1 in Evocations
  1316 | D:2      | Reached XP level 4. HP: 38/38 MP: 5/5
  1383 | D:3      | Noticed Robin
  1389 | D:3      | Killed Robin
  1430 | D:3      | Reached skill level 1 in Conjurations
  1430 | D:3      | Reached skill level 1 in Hexes
  1430 | D:3      | Reached skill level 1 in Summonings
  1430 | D:3      | Reached skill level 1 in Necromancy
  1430 | D:3      | Reached skill level 1 in Translocations
  1430 | D:3      | Reached skill level 1 in Transmutations
  1430 | D:3      | Reached skill level 1 in Fire Magic
  1430 | D:3      | Reached skill level 1 in Ice Magic
  1430 | D:3      | Reached skill level 1 in Air Magic
  1430 | D:3      | Reached skill level 1 in Earth Magic
  1430 | D:3      | Reached skill level 1 in Poison Magic
  1462 | D:3      | You add the spells Conjure Flame, Ignite Poison and Sticky
                  | Flame to your library.
  1634 | D:3      | Reached XP level 5. HP: 43/43 MP: 6/6
  2317 | D:4      | Noticed a centaur
  2322 | D:4      | Killed a centaur
  2323 | D:4      | Reached skill level 5 in Fighting
  2323 | D:4      | Reached skill level 5 in Dodging
  2323 | D:4      | Reached skill level 3 in Stealth
  2323 | D:4      | Reached skill level 2 in Invocations
  2323 | D:4      | Reached XP level 6. HP: 41/51 MP: 8/8
  2537 | D:4      | Noticed a black bear
  2538 | D:4      | Noticed an orc warrior
  2583 | D:4      | HP: 7/51 [orc warrior/+0 flail (7)]
  2584 | D:5      | Entered Level 5 of the Dungeon
  2600 | D:5      | Slain by an orc warrior

Vanquished Creatures
  A centaur (D:4)
  A necrophage (D:4)
  A hound (D:4)
  Robin (D:3)
  3 adders
  A worm (D:2)
  2 dart slugs
  4 orcs
  5 endoplasms
  3 giant cockroaches
  13 goblins
  10 hobgoblins
  5 jackals (D:2)
  6 quokkas
  5 ball pythons
  3 bats
  4 frilled lizards
  4 kobolds
  4 rats
76 creatures vanquished.

Table legend:
 A = Non-vault XP
 B = Vault XP
 C = Vault XP percentage of total XP
 D = Non-vault monster count
 E = Vault monster count
 F = Vault count percentage of total count
                 A         B        C        D         E       F
            +---------+---------+-------+---------+---------+-------
      Total |     395 |      36 |   8.4 |      64 |      12 |  15.8
            +---------+---------+-------+---------+---------+-------
        D:1 |      26 |       0 |   0.0 |      17 |       0 |   0.0
        D:2 |      60 |       0 |   0.0 |      25 |       0 |   0.0
        D:3 |      53 |      36 |  40.4 |      15 |      12 |  44.4
        D:4 |     256 |       0 |   0.0 |       7 |       0 |   0.0
            +---------+---------+-------+---------+---------+-------

Illustrated notes

Table legend:
 A = Kills in this place as a percentage of kills in entire the game.
 B = Kills by you in this place as a percentage of kills by you in the entire game.
 C = Kills by friends in this place as a percentage of kills by friends in the entire game.
 D = Other kills in this place as a percentage of other kills in the entire game.
 E = Experience gained in this place as a percentage of experience gained in the entire game.
 F = Experience gained in this place divided by the number of levels of this place that you have seen.
                   A       B       C       D       E      F
               +-------+-------+-------+-------+-------+----------------------
         Total | 100.0 | 100.0 |   N/A |   N/A | 100.0 |  86.2
       Dungeon | 100.0 | 100.0 |   N/A |   N/A | 100.0 |  86.2
               +-------+-------+-------+-------+-------+----------------------

Table legend: (Time is in decaauts)
 A = Elapsed time spent in this place.
 B = Non-inter-level travel time spent in this place.
 C = Inter-level travel time spent in this place.
 D = Time resting spent in this place.
 E = Time spent auto-exploring this place.
 F = Levels seen in this place.
 G = Mean time per level.
                   A        B        C        D        E       F      G
               +--------+--------+--------+--------+--------+-----+--------+
         Total |   2621 |   2563 |     58 |    129 |   1970 |   5 |  524.2 |
       Dungeon |   2621 |   2563 |     58 |    129 |   1970 |   5 |  524.2 |
               +--------+--------+--------+--------+--------+-----+--------+

Top non-repeatable levels by time:
     D:3: 796 daAuts
     D:1: 772 daAuts
     D:2: 583 daAuts
     D:4: 456 daAuts
     D:5: 13 daAuts
